 Dungeon Crawl Stone Soup version 0.29.0-4-gdea44cf6ec (webtiles) character file.

Game seed: 2953378493714670083

240 qw the Chopper (level 5, -4/41 HPs)
             Began as a Demonspawn Cinder Acolyte on Sept 9, 2022.
             Was a High Priest of Ignis.
             Killed by nerve-wracking pain
             ... invoked by Grinder
              (13 damage)
             ... on level 3 of the Dungeon.
             The game lasted 00:01:04 (2698 turns).

qw the Chopper (Demonspawn Cinder Acolyte)          Turns: 2698, Time: 00:01:04

Health: -4/41      AC: 22    Str: 16    XL:     5   Next: 80%
Magic:  6/6        EV:  6    Int: 18    God:    Ignis [*****.]
Gold:   91         SH:  4    Dex:  8    Spells: 6/6 levels left

rFire   + . .      SeeInvis .   Y - +0 war axe (protect)
rCold   . . .      Faith    .   (no shield)
rNeg    . . .      Spirit   .   j - +0 chain mail
rPois   .          Reflect  .   (no helmet)
rElec   .          Harm     .   (no cloak)
rCorr   .          Rampage  .   (no gloves)
Will    .....                   (no boots)
Stlth   ..........              (no amulet)
HPRegen 0.13/turn               (no ring)
MPRegen 0.10/turn               (no ring)

@: under a protective aura, fiery-armoured
A: foul stench 1, big brain 1, condensation shield
a: Renounce Religion, Fiery Armour, Foxfire Swarm, Rising Flame


You were on level 3 of the Dungeon.
You worshipped Ignis.
Ignis was extremely pleased with you.
You visited 1 branch of the dungeon, and saw 3 of its levels.

You collected 91 gold pieces.


Innate Abilities, Weirdness & Mutations

You may rarely emit foul miasma when damaged in melee.
You have an unusually large brain. (Int +2)
A meltable shield of frost defends you. (SH +4)


   Skills:
 - Level 3.0 Fighting
 + Level 5.6 Axes
 - Level 1.4 Armour
 - Level 1.0 Dodging
 - Level 1.0 Spellcasting
 - Level 2.6 Fire Magic


You had 6 spell levels left.
You didn't know any spells.
Your spell library contained the following spells:

 Spells                   Type           Power      Damage    Failure   Level
 Scorch                   Fire           20%        2d6       89%         2

Inventory:

Hand Weapons
 k - a -1 hand axe of flaming
 Y - a +0 war axe of protection (weapon)
Armour
 j - a +0 chain mail (worn)
Scrolls
 m - a scroll of identify
Potions
 a - a potion of brilliance {unknown}
 d - 2 potions of curing
 h - a potion of flight {unknown}
 n - 2 potions of haste {unknown}
 o - a potion of might

Dungeon Overview and Level Annotations

Branches:
Dungeon (3/15)

Altars:

Annotations:
D:3 Grinder


Message History

You now have 91 gold pieces (gained 10).
Grinder is nearby!
Grinder gestures at you. You resist with significant effort.
Grinder hits you but does no damage.
You barely miss Grinder. Grinder gestures at you.
You suddenly lose the ability to move!
Grinder hits you. Grinder hits you!
You writhe in agony.
You can move again.
You barely miss Grinder. Grinder gestures at you.
You barely resist. Grinder gestures at you.
You shrug off the repeated paralysis!
You hit Grinder.
Your weapon exudes an aura of protection.
Grinder is lightly wounded.
Grinder hits you.
You writhe in agony.
You slash Grinder!
Grinder is moderately wounded.
Grinder hits you but does no damage.
You barely miss Grinder.
Grinder is moderately wounded.
Grinder barely misses you.
You hit Grinder but do no damage.
Grinder is moderately wounded.
Grinder gestures at you. Pain shoots through your body! Grinder hits you!
2697 ||| INVOKING Fiery Armour.
A protective cloak of flame settles atop you.
Grinder hits you but does no damage.
Grinder is burned by your cloak of flames.
Grinder is heavily wounded.
You hit Grinder but do no damage.
Grinder is heavily wounded.
Grinder gestures at you. Pain shoots through your body!
You die...

######..#.#[......)))...##
#..#.############.#.##
#..#.# #####..#.#####
#..#.# #.....###.....
#..#.# #.####.#.####.
#..#.# #.## #.## #.
#..#.########..####.#####.
#)...................#.
##5@....##+##.....#.
.........}%## ##.}..#.
.####.....## ##...#.
#....## ##..#. #...##
##... #...# #... #...#
#.#. ##..# #... ##...


You could see Grinder.

Vanquished Creatures
  An orc priest (D:2)
  Jessica (D:2)
  2 orc wizards (D:3)
  2 adders (D:3)
  4 gnolls (D:3)
  A worm (D:2)
  4 dart slugs
  6 orcs
  2 ball pythons
  4 bats
  7 endoplasms
  3 giant cockroaches
  4 hobgoblins (D:1)
  6 jackals
  2 kobolds
  3 quokkas (D:1)
  2 frilled lizards (D:2)
  4 goblins
  5 rats
63 creatures vanquished.

Notes
Turn   | Place    | Note
-------+----------+-------------------------------------------
     0 | D:1      | qw the Demonspawn Cinder Acolyte began the quest for the
                  | Orb.
     0 | D:1      | Reached XP level 1. HP: 18/18 MP: 2/2
     0 | D:1      | 0 ||| qw: Version: 0.1-a-113-g051387a
     0 | D:1      | 0 ||| qw: Game counter: 7245
     0 | D:1      | 0 ||| qw: Always use a shield: true
     0 | D:1      | 0 ||| qw: God list: Okawaru
     0 | D:1      | 0 ||| qw: Allow faded altars: false
     0 | D:1      | 0 ||| qw: Do Orc after D:15 true
     0 | D:1      | 0 ||| qw: Do second Lair branch before Depths: true
     0 | D:1      | 0 ||| qw: Lair rune preference: random
     0 | D:1      | 0 ||| qw: Plans: Normal
     0 | D:1      | 0 ||| PLANNING D:1-11
    49 | D:1      | 49 ||| Stepping ~*~*~tactically~*~*~ (hiding).
    56 | D:1      | Reached skill level 3 in Axes
    61 | D:1      | Gained mutation: You may rarely emit foul miasma when
                  | damaged in melee. [demonic ancestry]
    61 | D:1      | Reached XP level 2. HP: 24/24 MP: 3/3
   227 | D:1      | 227 ||| Stepping ~*~*~tactically~*~*~ (stealth).
   563 | D:1      | Reached XP level 3. HP: 29/29 MP: 4/4
   973 | D:1      | Reached skill level 4 in Axes
  1045 | D:1      | 1045 ||| READING scroll labelled JEIM OHUPTU.
  1046 | D:1      | 1046 ||| READING scroll labelled WENKAU VEUGO.
  1047 | D:1      | 1047 ||| DRINKING 2 red potions.
  1093 | D:2      | Identified the +9 spear "Orb Guardian's Curse" {protect,
                  | rCorr}
  1179 | D:2      | Identified the +1 leather armour "Xantuse" {rC+}
  1181 | D:2      | 1181 ||| SWAPPING to +0 war axe.
  1253 | D:2      | Reached skill level 1 in Dodging
  1597 | D:2      | 1597 ||| UPGRADING to +0 ring mail.
  1607 | D:2      | 1607 ||| DROPPING +0 robe.
  1608 | D:2      | 1608 ||| DROPPING +1 leather armour "Xantuse" {rC+}.
  1609 | D:2      | 1609 ||| UPGRADING to +0 chain mail.
  1619 | D:2      | 1619 ||| DROPPING +0 ring mail.
  1620 | D:2      | 1620 ||| READING scroll labelled NAEFYP YNKUO.
  1625 | D:2      | 1625 ||| READING scroll labelled LUWKOG AMEOF.
  1626 | D:2      | 1626 ||| READING scroll labelled EGORHO DYAD.
  1627 | D:2      | 1627 ||| DRINKING 2 dark potions.
  1628 | D:2      | 1628 ||| DRINKING 2 golden potions.
  1629 | D:2      | 1629 ||| READING 2 scrolls of identify.
  1629 | D:2      | 1629 ||| IDENTIFYING coppery potion
  1630 | D:2      | 1630 ||| DROPPING potion of attraction.
  1631 | D:2      | 1631 ||| DROPPING potion of degeneration.
  1632 | D:2      | 1632 ||| DROPPING potion of invisibility.
  1633 | D:2      | 1633 ||| Stepping randomly (stuck).
  1634 | D:2      | 1634 ||| Stepping ~*~*~tactically~*~*~ (cloud).
  1883 | D:3      | Noticed Jessica
  1884 | D:3      | 1884 ||| STAIRDANCE
  1888 | D:2      | 1888 ||| INVOKING Fiery Armour.
  1890 | D:2      | Reached skill level 1 in Armour
  1890 | D:2      | Gained mutation: You have an unusually large brain. (Int
                  | +2) [demonic ancestry]
  1890 | D:2      | Reached XP level 4. HP: 16/35 MP: 5/5
  2057 | D:3      | 2057 ||| STAIRDANCE
  2184 | D:3      | 2184 ||| STAIRDANCE
  2187 | D:2      | 2187 ||| Stepping ~*~*~tactically~*~*~ (hiding).
  2198 | D:2      | Killed Jessica
  2212 | D:3      | 2212 ||| FLEEEEING.
  2213 | D:3      | 2213 ||| STAIRDANCE
  2252 | D:3      | Gained mutation: A meltable shield of frost defends you.
                  | (SH +4) [demonic ancestry]
  2252 | D:3      | Reached XP level 5. HP: 41/41 MP: 6/6
  2259 | D:3      | 2259 ||| Stepping ~*~*~tactically~*~*~ (hiding).
  2272 | D:3      | Reached skill level 5 in Axes
  2348 | D:3      | 2348 ||| INVOKING Fiery Armour.
  2349 | D:3      | 2349 ||| Stepping ~*~*~tactically~*~*~ (hiding).
  2350 | D:3      | 2350 ||| Stepping ~*~*~tactically~*~*~ (hiding).
  2357 | D:3      | 2357 ||| FLEEEEING.
  2358 | D:3      | 2358 ||| FLEEEEING.
  2359 | D:3      | 2359 ||| FLEEEEING.
  2360 | D:3      | 2360 ||| FLEEEEING.
  2361 | D:3      | 2361 ||| FLEEEEING.
  2362 | D:3      | 2362 ||| FLEEEEING.
  2363 | D:3      | 2363 ||| FLEEEEING.
  2364 | D:3      | 2364 ||| FLEEEEING.
  2365 | D:3      | 2365 ||| FLEEEEING.
  2366 | D:3      | 2366 ||| FLEEEEING.
  2367 | D:3      | 2367 ||| FLEEEEING.
  2368 | D:3      | 2368 ||| FLEEEEING.
  2369 | D:3      | 2369 ||| STAIRDANCE
  2463 | D:3      | 2463 ||| Stepping ~*~*~tactically~*~*~ (stealth).
  2466 | D:3      | 2466 ||| Stepping ~*~*~tactically~*~*~ (stealth).
  2467 | D:3      | 2467 ||| Stepping ~*~*~tactically~*~*~ (stealth).
  2679 | D:3      | Noticed Grinder
  2689 | D:3      | Paralysed by Grinder for 3 turns
  2696 | D:3      | HP: 9/41 [Grinder (8)]
  2697 | D:3      | 2697 ||| INVOKING Fiery Armour.
  2698 | D:3      | Killed from afar by Grinder

Levels and vault maps discovered:
D:1:      dpeg_arrival_rooms_c, layout_loops_ring,
          hangedman_decor_clover_reticule
D:2:      layout_rooms
D:3:      layout_loops_ring, nicolae_overflow_ecumenical_swirl,
          minmay_misc_feat_four_crosses, uniq_jessica, uniq_natasha,
          uniq_grinder, uniq_ijyb

Skill      XL: |  1  2  3  4  5 |
---------------+----------------+-----
Axes           | 3 4 5 |  5.6
Dodging        | 1 |  1.0
Armour         | 1 |  1.4
Fighting       | |  3.0
Spellcasting   | |  1.0
Fire Magic     | |  2.6

Action                   |  1- 3 |  4- 6 || total
-------------------------+-------+-------++-------
Melee: Hand axe          |    87 |       ||    87
       Punch             |     1 |       ||     1
       War axe           |    18 |    68 ||    86
Invok: Fiery Armour      |     1 |     2 ||     3
  Use: Scroll            |     6 |       ||     6
       Potion            |     3 |       ||     3
Armor: Robe              |    20 |       ||    20
       Chain mail        |     1 |    48 ||    49
Dodge: Dodged            |    56 |    26 ||    82
Block: Other             |       |     9 ||     9

Table legend:
 A = Non-vault XP
 B = Vault XP
 C = Vault XP percentage of total XP
 D = Non-vault monster count
 E = Vault monster count
 F = Vault count percentage of total count
                 A         B        C        D         E       F
            +---------+---------+-------+---------+---------+-------
      Total |     307 |      37 |  10.8 |      62 |       1 |   1.6
            +---------+---------+-------+---------+---------+-------
        D:1 |      55 |       0 |   0.0 |      27 |       0 |   0.0
        D:2 |      71 |      37 |  34.3 |      15 |       1 |   6.2
        D:3 |     181 |       0 |   0.0 |      20 |       0 |   0.0
            +---------+---------+-------+---------+---------+-------
